Map: Chantier naval orbital

Players

Karganator - Winner!

  • Race: Zerg Zerg

AgCl

  • Race: Protoss Protoss

VOD

Have the link to the VOD?

Description

Time

  • Played on: May 10, 2015, 6:42 p.m.
  • Length: 15:13
Show
View Real Time Build Order
Export as new Build Order

Karganator Zerg - Winner!

Build Orders: Hatch First 

Get SALT Encoding   

  12  0:01  Drone  
  13  0:11  Drone  
  14  0:20  Overlord  
  14  0:27  Extractor  
  13  0:28  Drone  
  13  0:29  Extractor  
  13  0:30  Drone  
  16  0:38  Drone  
  17  0:46  Drone  
  18  0:55  Drone  
  19  1:06  Drone  
  19  1:07  Hatchery  
  19  1:15  Spawning Pool  
  18  1:22  Drone  
  19  1:27  Overlord  
  19  1:37  Extractor  
  19  1:38  Drone  
  19  1:52  Drone  
  20  2:01  Zergling x2  
  20  2:03  Hatchery, Queen  
  22  2:19  Queen  
  24  2:28  Drone x3  
  27  2:39  Queen  
  29  2:44  Roach Warren  
  28  2:54  Drone x3  
  31  3:06  Spore Crawler  
  31  3:09  Spore Crawler  
  31  3:10  Drone x2  
  31  3:11  Drone  
  32  3:25  Drone x4  
  32  3:26  Drone  
  37  3:29  Extractor  
  36  3:36  Drone  
  36  3:37  Drone x3  
  40  3:49  Spore Crawler, Drone  
  40  3:50  Drone x2  
  40  3:52  Overlord  
  42  3:58  Lair  
  42  4:21  Drone x2  
  42  4:23  Drone  
  42  4:24  Drone x5  
  50  4:25  Overlord x3  
  50  4:28  Extractor  
  50  4:31  Extractor  
  48  4:46  Evolution Chamber x2  
  48  4:48  Drone, Extractor  
  48  4:49  Drone x8  
  48  4:50  Extractor  
  53  4:58  Queen  
  55  5:00  Spore Crawler  
  55  5:03  Queen  
  56  5:15  Spire  
  55  5:27  Roach x5  
  55  6:08  Roach  
  55  6:09  Roach x8  
  62  6:22  Overlord  
  62  6:23  Overlord x2  
  62  6:25  Queen x2  
  65  7:00  Overseer  
  59  7:14  Mutalisk x2  
  59  7:15  Mutalisk x4  
  68  7:23  Drone x3  
  71  7:34  Zerg Flyer Weapons Level 1  
  71  7:40  Hatchery  
  71  7:42  Hatchery  
  69  7:50  Drone x3  
  69  7:51  Drone x3  
  74  7:52  Hatchery, Drone x4  
  78  8:01  Zerg Ground Armor Level 1  
  78  8:22  Overlord x4  
  78  8:23  Overlord x2  
  76  9:16  Corruptor  
  62  9:17  Corruptor x7  
  76  9:30  Zerg Missile Weapons Level 1  
  76  9:35  Queen  
  76  9:36  Queen  
  76  9:38  Drone x11  
  81  9:39  Drone x4  
  95  9:49  Roach x4  
  103  10:09  Zerg Flyer Armor Level 1  
  103  10:18  Roach x4  
  103  10:19  Spore Crawler, Roach x6  
  103  10:20  Extractor  
  103  10:21  Spine Crawler  
  120  10:22  Extractor  
  119  10:30  Spore Crawler  
  118  11:00  Zerg Ground Armor Level 2  
  118  11:01  Glial Reconstitution  
  118  11:05  Hydralisk Den  
  117  11:14  Infestation Pit  
  104  11:37  Corruptor  
  104  11:38  Corruptor x10  
  116  11:40  Overlord x2  
  116  11:41  Overlord x5  
  102  12:18  Hydralisk x6  
  102  12:19  Hydralisk x6  
  102  12:20  Hydralisk  
  125  12:26  Overseer  
  125  12:27  Overseer  
  122  12:36  Spine Crawler  
  121  12:37  Spine Crawler  
  121  12:38  Spore Crawler x2, Pneumatized Carapace  
  118  13:00  Drone x3  
  118  13:01  Drone x3  
  118  13:02  Drone x4  
  118  13:03  Drone x7  
  118  13:04  Drone x5  
  140  13:19  Spine Crawler  
  139  13:20  Spine Crawler  
  139  13:21  Drone x3  
  141  13:32  Roach x5  
  109  14:20  Roach x2  
  109  14:21  Roach x23  
  153  14:41  Overseer x2  
Show
View Real Time Build Order
Export as new Build Order

AgCl Protoss 

Build Orders: Oracle Opening, Oracle Opening 

Get SALT Encoding   

  13  0:12  Pylon  
  13  0:13  Probe  
  13  0:21  Assimilator  
  13  0:25  Probe  
  14  0:37  Gateway  
  14  0:41  Probe (Chrono Boost)  
  15  0:53  Probe (Chrono Boost)  
  16  1:00  Probe (Chrono Boost), Pylon  
  17  1:10  Probe (Chrono Boost)  
  18  1:22  Probe (Chrono Boost)  
  19  1:28  Cybernetics Core  
  19  1:30  Probe (Chrono Boost)  
  20  1:36  Assimilator  
  20  1:39  Probe  
  21  1:54  Probe  
  22  2:03  Nexus  
  22  2:10  Probe  
  23  2:18  Stargate  
  24  2:24  Warp Gate  
  24  2:25  Probe (Chrono Boost)  
  25  2:37  Probe (Chrono Boost)  
  25  2:43  Probe (Chrono Boost)  
  25  2:55  Mothership Core (Chrono Boost)  
  27  3:00  Pylon  
  27  3:03  Oracle (Chrono Boost)  
  30  3:17  Probe (Chrono Boost)  
  31  3:21  Gateway, Probe (Chrono Boost)  
  31  3:22  Gateway  
  33  3:31  Probe x2 (Chrono Boost)  
  34  3:39  Probe  
  35  3:41  Probe  
  35  3:43  Twilight Council  
  36  3:51  Probe  
  36  3:54  Void Ray (Chrono Boost)  
  41  3:59  Probe  
  42  4:03  Probe  
  43  4:11  Probe  
  43  4:15  Probe  
  45  4:20  Gateway  
  45  4:23  Probe  
  46  4:27  Probe (Chrono Boost)  
  47  4:36  Charge (Chrono Boost)  
  48  4:39  Probe (Chrono Boost)  
  48  4:41  Pylon  
  48  4:42  Assimilator  
  49  4:48  Probe (Chrono Boost), Assimilator  
  49  4:50  Dark Shrine  
  50  4:53  Probe (Chrono Boost)  
  50  4:59  Probe (Chrono Boost)  
  52  5:01  Gateway, Probe (Chrono Boost)  
  52  5:04  Pylon  
  53  5:08  Probe (Chrono Boost)  
  53  5:12  Probe (Chrono Boost)  
  54  5:16  Gateway, Probe (Chrono Boost)  
  54  5:21  Probe (Chrono Boost)  
  56  5:22  Zealot x2  
  56  5:23  Probe (Chrono Boost), Adept  
  56  5:25  Stalker  
  62  5:43  Zealot x3  
  64  6:07  Probe  
  59  6:15  Adept  
  59  6:16  Adept, Zealot  
  59  6:17  Zealot  
  65  6:22  Probe  
  65  6:23  Fleet Beacon, Pylon, Probe  
  67  6:27  Pylon  
  65  6:33  Forge  
  65  6:34  Dark Templar  
  65  6:41  Void Ray  
  59  6:54  Dark Templar x2  
  59  6:57  Zealot x2  
  59  6:58  Dark Templar  
  63  7:02  Carrier (Chrono Boost)  
  63  7:09  Graviton Catapult  
  63  7:20  Probe  
  63  7:22  Stalker  
  66  7:23  Protoss Ground Weapons Level 1 (Chrono Boost)  
  66  7:25  Photon Cannon  
  66  7:28  Pylon  
  72  7:35  Protoss Air Weapons Level 1 (Chrono Boost)  
  72  7:42  Pylon  
  72  7:45  Nexus  
  72  7:46  Assimilator  
  72  7:47  Pylon, Assimilator  
  72  7:52  Pylon  
  72  7:55  Pylon  
  72  8:09  Pylon  
  72  8:12  Pylon, Stargate  
  72  8:14  Templar Archives, Gateway  
  72  8:15  Pylon, Phoenix (Chrono Boost)  
  74  8:23  Photon Cannon  
  74  8:28  Photon Cannon  
  74  8:31  Photon Cannon  
  74  8:34  Pylon  
  64  8:56  Dark Templar x2  
  64  8:58  Archon  
  64  9:00  Archon  
  68  9:05  Stalker  
  68  9:06  Stalker x2, Carrier (Chrono Boost)  
  76  9:25  Phoenix (Chrono Boost)  
  76  9:28  Probe (Chrono Boost)  
  81  9:31  Protoss Air Weapons Level 2 (Chrono Boost)  
  81  9:32  Probe (Chrono Boost)  
  81  9:34  Probe (Chrono Boost)  
  81  9:36  Probe (Chrono Boost)  
  81  9:37  Carrier (Chrono Boost)  
  82  9:39  Probe (Chrono Boost), Protoss Ground Weapons Level 2 (Chrono Boost)  
  89  10:02  Probe  
  89  10:03  Psionic Storm  
  90  10:17  Gateway  
  90  10:27  Photon Cannon  
  90  10:31  Nexus  
  90  10:35  Pylon, Carrier (Chrono Boost)  
  88  10:36  Dark Templar  
  90  10:53  Phoenix (Chrono Boost)  
  96  11:05  Photon Cannon  
  96  11:06  Gateway  
  96  11:07  Pylon  
  96  11:16  Dark Templar x2  
  100  11:21  Archon  
  94  11:38  Carrier (Chrono Boost)  
  94  11:40  Nexus  
  94  11:41  Zealot x2  
  94  11:42  Adept x2  
  94  11:44  Assimilator  
  102  11:54  Protoss Air Weapons Level 3 (Chrono Boost)  
  102  12:00  High Templar  
  110  12:05  Probe  
  105  12:11  Probe  
  105  12:12  Probe  
  105  12:17  Probe  
  102  12:23  Probe  
  102  12:29  Carrier (Chrono Boost)  
  101  12:54  High Templar  
  109  12:59  Carrier (Chrono Boost)  
  109  13:01  Photon Cannon  
  109  13:05  Assimilator  
  112  13:09  Gateway  
  112  13:10  Probe x3 (Chrono Boost)  
  112  13:15  Photon Cannon  
  112  13:19  Robotics Facility  
  118  13:22  Stargate  
  118  13:25  Carrier (Chrono Boost)  
  117  13:28  Nexus  
  117  13:29  Pylon  
  123  13:56  Photon Cannon  
  123  13:59  Pylon, Photon Cannon  
  117  14:04  Archon, Assimilator  
  97  14:13  Zealot x3  
  97  14:14  Zealot  
  97  14:15  Dark Templar  
  93  14:22  Void Ray  
  95  14:25  Zealot  
  95  14:26  Zealot  
  93  14:59  Dark Templar  
  91  15:00  Dark Templar x3  
Tags
 
Add a new tag
Caveats
  • Supply blocks, unpowered buildings, or Contaminate may cause inaccurate times.
  • Supply counts are checked every 10 seconds.